AoeStats
← metathesis19

Arabia

509515604Analyzed
2v2 RM · 6d ago on Sep 27, 2026· 21m 45s· 4 players
Game mode
Random Map
Map size
Medium (4 player)
Population
200
Speed
Normal
Resources
Standard
Victory
Conquest
Starting age
Dark Age
Ending age
Imperial Age
RankedLock teamsTeams togetherTeam positionsShared explorationLock speedFull tech treeHidden civsTurbo modeCheats
Victory
Defeat
🇧🇷 Saxons · Brazil
1100
+17
🇧🇷 Tupi · Brazil
1060
+18
🇺🇸 Varangians · United States
1131
-18
🇺🇸 Aztecs · United States
1102
-17
[VENINI]LordFio
8:19 Loom
10:21 Feudal Age
11:51 Double-Bit Axe
11:52 Horse Collar
[VENINI]LordMooca
0:27 Loom
12:30 Feudal Age
12:56 Man-at-Arms
16:14 Arson
17:14 Double-Bit Axe
17:22 Gold Mining
19:51 Scale Mail Armor
20:51 Forging
KarlPS
4:56 Loom
9:47 Feudal Age
10:44 Double-Bit Axe
16:13 Bloodlines
18:11 Wheelbarrow
17:24 Horse Collar
22:35 Castle Age
metathesis19
3:16 Loom
11:54 Feudal Age
13:13 Double-Bit Axe
21:00 Castle Age
Connection lost

Rejoining the realm…

Still unreachable

The connection could not be restored.

Session expired

The server has moved on; the page needs a fresh start.